Map: Bridgehead LE (Void)

Players

qxc - Winner!

  • Race: Terran Terran
  • League: Master

PAIN

  • Race: Protoss Protoss
  • League: Master

Event: Lycan League Weekly August #3

VOD

Have the link to the VOD?

Description

Time

  • Played on: Aug. 17, 2015, 1:26 p.m.
  • Length: 9:40

All games in this series

Show
View Real Time Build Order
Export as new Build Order

qxc Terran - Winner!

Build Orders:  

Get SALT Encoding   

  12  0:00  SCV  
  13  0:13  SCV  
  14  0:18  Supply Depot  
  14  0:25  SCV  
  15  0:39  SCV  
  15  0:42  Barracks  
  16  0:45  Refinery  
  16  0:52  SCV  
  17  1:04  SCV  
  18  1:16  SCV  
  19  1:29  Barracks Reactor, Orbital Command  
  19  1:45  Command Center  
  19  1:53  Supply Depot  
  19  1:54  SCV  
  20  2:05  Marine  
  20  2:06  Reaper  
  20  2:07  SCV  
  23  2:19  SCV  
  23  2:22  Factory  
  24  2:23  Marine  
  25  2:30  Bunker  
  25  2:31  SCV  
  26  2:42  Marine  
  26  2:43  SCV, Marine  
  29  2:55  SCV  
  30  2:59  Orbital Command  
  30  3:03  Marine x2  
  32  3:07  SCV, Widow Mine  
  32  3:11  Starport  
  35  3:19  SCV  
  36  3:21  Marine x2  
  36  3:26  SCV  
  39  3:32  SCV  
  40  3:35  Bunker, Widow Mine  
  40  3:39  SCV, Marine x2  
  45  3:44  SCV  
  46  3:50  Refinery  
  46  3:51  Supply Depot x2  
  46  3:59  Marine  
  46  4:12  SCV x2, Medivac, Widow Mine  
  52  4:17  Marine x2  
  54  4:24  SCV x2  
  54  4:25  Barracks  
  54  4:27  Barracks  
  56  4:36  SCV x2, Marine x2  
  60  4:44  Viking, Factory Reactor  
  62  4:52  Supply Depot  
  62  4:54  Supply Depot  
  62  5:02  SCV  
  62  5:04  SCV  
  62  5:13  Supply Depot x2  
  62  5:14  SCV  
  62  5:16  SCV  
  62  5:18  Starport  
  64  5:26  SCV  
  63  5:28  SCV  
  63  5:35  Viking x2  
  62  5:37  Barracks Reactor  
  62  5:38  SCV  
  62  5:39  Marine  
  62  5:40  SCV  
  65  5:45  Refinery  
  65  5:46  Refinery  
  63  5:50  SCV  
  63  5:51  Marine  
  63  5:52  SCV  
  63  5:54  Widow Mine  
  67  5:57  Marine  
  67  6:02  SCV  
  66  6:04  SCV  
  66  6:07  Viking  
  67  6:14  SCV  
  67  6:17  SCV, Viking  
  69  6:23  Viking  
  69  6:24  Marine x2  
  71  6:26  SCV  
  71  6:29  SCV  
  71  6:37  Viking, Marine  
  71  6:38  SCV  
  71  6:39  Barracks Tech Lab  
  74  6:41  SCV  
  74  6:42  Marine x2  
  74  6:47  Viking  
  77  6:50  SCV  
  80  6:55  Engineering Bay, Marine  
  80  6:57  Barracks x2  
  80  6:59  Viking, Widow Mine, Marine  
  80  7:00  Marine  
  87  7:01  Marine  
  87  7:05  Stimpack  
  83  7:17  Marine x2  
  83  7:19  SCV x2  
  87  7:25  Command Center, Barracks Tech Lab  
  87  7:26  Medivac x2  
  89  7:31  SCV  
  89  7:32  Medivac  
  89  7:33  SCV  
  93  7:42  Marine  
  93  7:43  Factory Tech Lab  
  94  7:49  Combat Shields  
  94  7:50  Supply Depot  
  94  7:52  Supply Depot, SCV, Marine x2  
  94  7:53  Marauder, Marine x2  
  94  7:56  Supply Depot  
  101  8:03  Marine  
  102  8:07  Medivac  
  102  8:10  Marine x2  
  102  8:11  Marauder, Marine  
  101  8:14  Siege Tank, Marauder  
  101  8:18  SCV  
  104  8:24  Marine  
  104  8:26  SCV  
  100  8:30  SCV, Marine x2  
  100  8:33  Marauder  
  106  8:35  Marauder  
  106  8:37  Marine  
  106  8:38  SCV  
  107  8:42  SCV  
  107  8:43  SCV  
  107  8:46  Siege Tank  
  107  8:48  Marine x2  
  111  8:50  SCV  
  111  8:54  Marauder  
  111  8:55  Marine  
  117  8:56  Marine  
  117  8:58  SCV  
  117  9:00  Orbital Command  
  119  9:04  Medivac  
  119  9:06  Marine x2  
  119  9:08  SCV  
  124  9:13  Marine  
  124  9:15  Marauder  
  127  9:19  Bunker  
  127  9:23  Supply Depot x2  
  127  9:24  Missile Turret  
Show
View Real Time Build Order
Export as new Build Order

PAIN Protoss 

Build Orders: Oracle Opening 

Get SALT Encoding   

  12  0:01  Probe  
  13  0:14  Pylon  
  13  0:18  Probe  
  14  0:33  Probe (Chrono Boost), Gateway  
  16  0:44  Probe (Chrono Boost)  
  16  0:47  Assimilator  
  16  0:52  Assimilator  
  16  0:53  Probe  
  17  1:05  Probe (Chrono Boost)  
  18  1:16  Probe (Chrono Boost)  
  19  1:21  Cybernetics Core  
  19  1:24  Probe  
  20  1:30  Pylon  
  20  1:34  Pylon  
  20  1:38  Probe  
  21  1:50  Probe (Chrono Boost)  
  22  2:02  Mothership Core (Chrono Boost), Stargate  
  24  2:10  Warp Gate  
  24  2:16  Probe  
  25  2:28  Probe  
  26  2:47  Fleet Beacon  
  26  3:01  Pylon  
  26  3:03  Adept (Chrono Boost)  
  27  3:13  Nexus  
  27  3:19  Oracle (Chrono Boost)  
  30  3:32  Forge  
  30  3:56  Tempest (Chrono Boost)  
  34  4:09  Photon Cannon  
  34  4:18  Gateway  
  34  4:34  Tempest (Chrono Boost)  
  38  5:04  Pylon  
  38  5:10  Gateway  
  38  5:13  Tempest (Chrono Boost)  
  41  5:49  Probe, Tempest (Chrono Boost)  
  46  5:50  Photon Cannon  
  46  5:53  Gateway  
  38  6:36  Tempest (Chrono Boost)  
  38  6:39  Adept x2  
  46  6:42  Probe  
  46  6:44  Probe  
  46  6:46  Pylon  
  48  6:47  Assimilator  
  48  6:53  Zealot x2  
  52  6:54  Probe  
  52  6:58  Probe  
  54  7:05  Zealot  
  48  7:25  Stalker x3  
  50  7:31  Stalker  
  52  7:47  Sentry x2, Zealot  
  58  7:53  Zealot  
  60  8:01  Pylon  
  60  8:03  Probe x2  
  62  8:09  Sentry, Zealot x2  
  65  8:27  Stalker  
  67  8:44  Probe  
  67  8:47  Twilight Council  
  67  8:50  Stalker x2  
  67  8:55  Stalker  
  72  8:56  Probe  
  72  9:00  Assimilator  
  73  9:09  Zealot  
  75  9:11  Probe  
  75  9:13  Stalker  
  75  9:16  Sentry  
  80  9:22  Probe  
  77  9:27  Stalker  

Tags
 
Add a new tag
Caveats
  • Supply blocks, unpowered buildings, or Contaminate may cause inaccurate times.
  • Supply counts are checked every 10 seconds.